 Dungeon Crawl Stone Soup version 0.30-a0-779-g7971cf19c3 (webtiles) character file.

Game seed: 9679395288250080160

486 Pimp the Trooper (level 7, -1/54 HPs)
             Began as a Human Cinder Acolyte on Feb 18, 2023.
             Was a Priest of Ignis.
             Succumbed to a scorpion's poison
             ... on level 5 of the Dungeon.
             The game lasted 00:10:39 (4798 turns).

Pimp the Trooper (Human Cinder Acolyte)             Turns: 4798, Time: 00:10:40

Health: -1/54      AC:  4    Str: 14    XL:     7   Next: 35%
Magic:  4/12       EV: 11    Int: 17    God:    Ignis [***...]
Gold:   387        SH:  0    Dex:  8    Spells: 9/13 levels left

rFire   + . .      SeeInvis .    a - -1 hand axe (flame)
rCold   . . .      Faith    .    (no shield)
rNeg    . . .      Spirit   .    t - +1 robe {Archmagi}
rPois   .          Reflect  .    (no helmet)
rElec   .          Harm     .    (no cloak)
rCorr   +          Rampage  .    r - +0 pair of gloves
Will    .....      Archmagi +    (no boots)
Stlth   +                        (no amulet)
HPRegen 0.29/turn                l - ring of resist corrosion
MPRegen 0.13/turn                (no ring)

@: brilliant, lethally poisoned (-1 -> -13)
A: no striking features
a: Renounce Religion, Fiery Armour, Foxfire Swarm, Rising Flame


You were on level 5 of the Dungeon.
You worshipped Ignis.
Ignis was most pleased with you.
You visited 1 branch of the dungeon, and saw 5 of its levels.

You collected 387 gold pieces.

Inventory:

Hand Weapons
 a - a -1 hand axe of flaming (weapon)
 u - a +0 whip
Armour
 b - a +0 robe
 c - a +0 ring mail
 r - a +0 pair of gloves (worn)
 t - a +1 robe of the Archmagi (worn)
Jewellery
 l - a ring of resist corrosion (left hand)
Wands
 g - a wand of flame (7)
Scrolls
 d - a scroll of amnesia {unknown}
 e - 2 scrolls of immolation {unknown}
 f - 3 scrolls of teleportation {unknown}
 j - 4 scrolls of poison {unknown}
 m - 2 scrolls of identify {unknown}
 p - a scroll of fear {unknown}
 q - 3 scrolls of noise {unknown}
 s - 2 scrolls of vulnerability {unknown}
 v - a scroll of fog {unknown}
 w - a scroll of summoning {unknown}
Potions
 h - a potion of might {unknown}
 i - a potion of cancellation {unknown}
 k - a potion of brilliance
 n - a potion of degeneration {unknown}
 o - a potion of berserk rage {unknown}
 x - a potion of invisibility {unknown}


   Skills:
 + Level 4.2 Fighting
 + Level 4.2 Axes
 + Level 2.2 Armour
 * Level 3.9 Spellcasting
 + Level 4.2 Fire Magic


You had 9 spell levels left.
You knew the following spells:

 Your Spells              Type           Power      Damage    Failure   Level
a - Scorch                Fire           80%        2d9       4%          2
b - Magic Dart            Conj           28%        1d4       16%         1
c - Foxfire               Conj/Fire      92%        2x1d8     7%          1

Your spell library contained the following spells:

 Spells                   Type           Power      Damage    Failure   Level
 Call Imp                 Summ           7%         N/A       24%         2
 Mephitic Cloud           Conj/Pois/Air  7%         N/A       43%         3
 Fireball                 Conj/Fire      11%        3d7       88%         5
 Starburst                Conj/Fire      11%        6d5       100%        6


Dungeon Overview and Level Annotations

Branches:
Dungeon (5/15)
 Temple: D:4-7

Altars:
Makhleb

Annotations:
D:5 Prince Ribbit


Message History

Casting: Foxfire (safe; 7% risk of failure)
Confirm with . or Enter, or press ? or * to list all spells.
You feel a surge of power!
You conjure some foxfire!
* * * LOW HITPOINT WARNING * * *
You feel very sick.
The foxfire hits the orc.
The orc is severely wounded.
The orc barely misses you.
Activating: Foxfire Swarm
Press: ? - help, Dir - look around, f - activate Flames leap up around you!
* * * LOW HITPOINT WARNING * * *
You feel very sick.
The foxfire hits the orc.
You kill the orc!
The foxfire hits Prince Ribbit.
Prince Ribbit is almost dead.
The orc barely misses you.
Your foxfire dissipates!
The scorpion attacks as you move away!
The scorpion stings you but does no damage.
You feel sick.
The foxfire hits the scorpion.
The scorpion is moderately wounded.
The foxfire hits the scorpion.
The scorpion is severely wounded.
The foxfire hits the scorpion but does no damage.
The scorpion is severely wounded.
The foxfire hits the scorpion.
The scorpion is severely wounded.
The foxfire hits the scorpion but does no damage.
The scorpion is severely wounded.
The foxfire hits the scorpion.
The scorpion is almost dead.
You feel sick. The scorpion stings you.
* * * LOW HITPOINT WARNING * * *
You are more poisoned.
The scorpion poisons you!
It was a potion of brilliance.
You feel clever all of a sudden.
You die...

......)..........
..).............
...............#
...........###
.......#..o..####
...#######..)...##
. ###oF...#
##.s..# ##@.##
#...#
.##########...#
.............##
.............#
...######.#### .
#.# #.############
#.#..........#
#...#


You could see Prince Ribbit, a scorpion, an orc wizard and an orc.

Vanquished Creatures
  2 ogres (D:4)
  A scorpion (D:4)
  A jelly (D:5)
  Ijyb (D:3)
  8 adders
  4 worms
  2 dart slugs
  3 orcs (D:5)
  2 ball pythons (D:4)
  8 bats
  9 endoplasms
  4 giant cockroaches
  6 goblins
  7 hobgoblins
  18 jackals
  14 kobolds
  6 quokkas
  4 frilled lizards
  6 rats
106 creatures vanquished.

Vanquished Creatures (others)
  58 foxfires
58 creatures vanquished.

Grand Total: 164 creatures vanquished

Notes
Turn   | Place    | Note
-------+----------+-------------------------------------------
     0 | D:1      | Pimp the Human Cinder Acolyte began the quest for the Orb.
     0 | D:1      | Reached XP level 1. HP: 18/18 MP: 2/2
   141 | D:1      | Reached XP level 2. HP: 22/24 MP: 3/3
   416 | D:1      | Reached XP level 3. HP: 12/29 MP: 5/5
  1087 | D:2      | Learned a level 2 spell: Scorch
  1089 | D:2      | Learned a level 1 spell: Magic Dart
  1303 | D:2      | Reached XP level 4. HP: 28/35 MP: 6/6
  2204 | D:3      | Reached XP level 5. HP: 34/41 MP: 8/8
  2511 | D:3      | Noticed Ijyb
  2549 | D:3      | Killed Ijyb
  2550 | D:3      | Reached skill level 1 in Armour
  3026 | D:3      | Found a burning altar of Makhleb.
  3463 | D:4      | Reached XP level 6. HP: 46/48 MP: 3/10
  3583 | D:4      | Noticed an ogre
  3643 | D:3      | Learned a level 1 spell: Foxfire
  3810 | D:4      | Killed an ogre
  4157 | D:4      | Noticed an ogre
  4163 | D:4      | Killed an ogre
  4164 | D:4      | Reached XP level 7. HP: 54/54 MP: 8/12
  4630 | D:5      | Entered Level 5 of the Dungeon
  4777 | D:5      | Noticed Prince Ribbit
  4797 | D:5      | HP: 2/54 [scorpion (6)]
  4798 | D:5      | Succumbed to a scorpion's poison

Illustrated notes

Levels and vault maps discovered:
D:1:      ncdulo_lavacross, layout_loops_ring
D:2:      layout_basic, st_stairs_2
D:3:      layout_basic, bloody_makhleb, st_stairs_3, kennysheep_generic_room_9,
          uniq_ijyb
D:4:      layout_basic, serial_rivers, chequers_serial_rivers_micro_e,
          chequers_serial_rivers_marsh, chequers_serial_rivers_small_3,
          chequers_serial_rivers_small_3, chequers_serial_rivers_small_b
D:5:      dreamdust_elfheim, layout_layer_cave, uniq_prince_ribbit1

Skill      XL: |  1  2  3  4  5  6 |
---------------+-------------------+-----
Spellcasting   | 2 3 |  3.9
Armour         | 1 2 |  2.2
Fighting       | 4 |  4.2
Axes           | 4 |  4.2
Fire Magic     | 4 |  4.2

Action                     |  1- 3 |  4- 6 |  7- 9 || total
---------------------------+-------+-------+-------++-------
  Melee: Hand axe          |   110 |   196 |     9 ||   315
         Punch             |       |     3 |       ||     3
   Cast: Scorch            |       |    25 |       ||    25
         Foxfire           |       |    11 |    14 ||    25
 Invoke: Foxfire Swarm     |     1 |     2 |     1 ||     4
         Fiery Armour      |       |     2 |       ||     2
    Use: Potion            |       |     7 |     1 ||     8
   Stab: Sleeping          |     1 |       |       ||     1
 Armour: Robe              |    25 |    31 |     4 ||    60
         Ring mail         |       |    76 |       ||    76
  Dodge: Dodged            |    96 |   154 |    13 ||   263

Table legend: (Time is in decaauts)
 A = Elapsed time spent in this place.
 B = Non-inter-level travel time spent in this place.
 C = Inter-level travel time spent in this place.
 D = Time resting spent in this place.
 E = Time spent auto-exploring this place.
 F = Levels seen in this place.
 G = Mean time per level.
                   A        B        C        D        E       F      G
               +--------+--------+--------+--------+--------+-----+--------+
         Total |   4826 |   4721 |    105 |   1001 |   2403 |   5 |  965.2 |
       Dungeon |   4826 |   4721 |    105 |   1001 |   2403 |   5 |  965.2 |
               +--------+--------+--------+--------+--------+-----+--------+

Top non-repeatable levels by time:
     D:4: 1356 daAuts
     D:3: 1197 daAuts
     D:2: 1073 daAuts
     D:1: 1030 daAuts
     D:5: 168 daAuts
